 Dungeon Crawl Stone Soup version 0.21.1-1-g345015fe64 (webtiles) character file.

3423 jlero the Basher (level 9, 0/81 HPs)
             Began as a Minotaur Fighter on Mar 29, 2018.
             Was an Elder of Okawaru.
             Slain by a hornet (9 damage)
             ... while paralysed by a hornet
             ... on level 7 of the Dungeon.
             The game lasted 00:20:08 (7226 turns).

jlero the Basher (Minotaur Fighter)                 Turns: 7226, Time: 00:20:08

Health: 0/81       AC: 12    Str: 26    XL:     9   Next: 76%
Magic:  8/8        EV:  2    Int:  6    God:    Okawaru [****..]
Gold:   349        SH:  0    Dex: 12    Spells: 8/8 levels left

rFire    . . .     SeeInvis +   y - +2 mace "Yssomov" {freeze, rC+}
rCold    + . .     Gourm    .   c - +1 shield
rNeg     + . .     Faith    .   C - +1 scale mail {rN+}
rPois    .         Spirit   .   h - +2 hat
rElec    .         Reflect  +   (no cloak)
rCorr    .         Harm     .   A - +0 pair of gloves
MR       .....                  (no boots)
Stlth    ..........             j - +3 amulet of reflection
HPRegen  0.23/turn              k - ring of see invisible
MPRegen  0.11/turn              (no ring)

@: paralysed, mighty, lethally poisoned (0 -> -5), slowed
A: retaliatory headbutt, horns 2
a: Heroism, Renounce Religion


You were on level 7 of the Dungeon.
You worshipped Okawaru.
Okawaru was greatly pleased with you.
You were not hungry.

You visited 2 branches of the dungeon, and saw 9 of its levels.

You collected 349 gold pieces.

Inventory:

Hand Weapons
 y - the +2 mace "Yssomov" (weapon) {freeze, rC+}
   (You found it on level 7 of the Dungeon)

   It has been specially enchanted to freeze those struck by it, causing extra
   injury to most foes and up to half again as much damage against particularly
   susceptible opponents.
   It can also slow down cold-blooded creatures.
   It protects you from cold.
Missiles
 e - 5 javelins of returning (quivered)
Armour
 c - a +1 shield (worn)
 h - a +2 hat (worn)
 m - a +0 chain mail
 A - a +0 pair of gloves (worn)
 C - a +1 scale mail of positive energy (worn)
Jewellery
 a - an uncursed amulet of magic regeneration
 j - a +3 amulet of reflection (around neck)
 k - a ring of see invisible (left hand)
 B - an uncursed ring of fire {unknown}
Wands
 b - a wand of iceblast (5)
 t - a wand of acid (10)
Scrolls
 g - 2 scrolls of magic mapping
 i - 7 scrolls of identify
 n - 2 scrolls of amnesia {unknown}
 o - 5 scrolls of fog
 w - a scroll of enchant weapon
 z - a scroll of remove curse
Potions
 d - a potion of might
 l - a potion of brilliance {unknown}
 p - 3 potions of berserk rage {unknown}
 q - 2 potions of heal wounds {unknown}
 r - 2 potions of ambrosia {unknown}
 u - 2 potions of resistance {unknown}
 v - a potion of lignification {unknown}
 x - a potion of magic {unknown}
Comestibles
 f - 7 rations


   Skills:
 + Level 8.2 Fighting
 * Level 11.8 Maces & Flails
 + Level 8.6 Armour
 + Level 5.9 Shields


You had 8 spell levels left.
You didn't know any spells.

Dungeon Overview and Level Annotations

Branches:
Dungeon (8/15)             Temple (1/1) D:6
   Lair: D:8-11

Altars:
Ashenzari
Cheibriados
Dithmenos
Elyvilon
Fedhas
Gozag
Hepliaklqana
Kikubaaqudgha
Makhleb
Nemelex Xobeh
Okawaru
Qazlal
Ru
Sif Muna
Trog
Vehumet
Wu Jian
Xom
Yredelemnul
The Shining One


Innate Abilities, Weirdness & Mutations

You reflexively headbutt those who attack you in melee.
You have a pair of horns on your head.


Message History

You can move again.
You feel better. The hornet barely misses you.
You block the worker ant's attack. The hornet stings you!
* * * LOW HITPOINT WARNING * * *
You are poisoned.
You shrug off the repeated paralysis!
The worker ant bites you but does no damage.
You feel better. You block the hornet's attack.
The worker ant completely misses you. The hornet stings you.
* * * LOW HITPOINT WARNING * * *
You suddenly lose the ability to move!
The worker ant bites you.
* * * LOW HITPOINT WARNING * * *
The hornet stings you.
* * * LOW HITPOINT WARNING * * *
You are poisoned.
You feel as though you will be slow longer.
You feel sick.
The worker ant bites you but does no damage.
The hornet stings you!
You die...

#.......##.#...##......##.#......
#.......##...####.......#.#.##.##
####.....#..## #.##..###.#.#...#
....).......#####.###........._..
#####.......<.......###.#.#.#...#
....................#####.#.##.##
########.#..........).# #.#......
#.#.#<....a....# #.####.##
#........@.....# #........
###(#...y..##### ######.##
#[.####.......####.# #.# ##(##
#...###...##.###.# ##((# #...#
###†.......# ######..#### #...#
#.......## ##..........# #...#
#.......# ##..........# #..)#
#.......# )...........# #...#
#.......#


You could see a hornet and a worker ant.

Vanquished Creatures
  The ghost of DildoBatman the Skirmisher, a novice FoEn of Sif Muna (D:7)
  A hornet (D:7)
  Grinder (D:4)
  4 yaks (D:7)
  An ice beast (D:7)
  3 sky beasts
  A phantom (D:5)
  A black bear (D:7)
  An ogre (D:4)
  2 centaurs
  2 big kobolds
  Blork the orc (D:6)
  4 bullfrogs
  A howler monkey (D:7)
  3 crimson imps
  A centaur zombie (D:6)
  3 hounds
  2 orc priests
  A bullfrog skeleton (D:4)
  An iguana (D:5)
  5 orc wizards
  Natasha (D:4)
  3 worker ants
  A hound skeleton (D:6)
  A hound zombie (D:5)
  A gnoll (D:1)
  9 adders
  A shadow imp (D:5)
  An ooze (D:1)
  4 worms
  6 leopard geckos
  20 orcs
  3 giant cockroaches
  9 hobgoblins
  3 jackals (D:3)
  5 quokkas
  2 ball pythons
  9 bats
  6 frilled lizards
  12 goblins
  11 kobolds
  2 quokka zombies
  7 rats
157 creatures vanquished.

Vanquished Creatures (others)
  A kobold (D:6)
1 creature vanquished.

Grand Total: 158 creatures vanquished

Notes
Turn   | Place    | Note
-------+----------+-------------------------------------------
     0 | D:1      | jlero the Minotaur Fighter began the quest for the Orb.
     0 | D:1      | Reached XP level 1. HP: 19/19 MP: 0/0
   142 | D:1      | Reached skill level 3 in Maces & Flails
   142 | D:1      | Reached XP level 2. HP: 26/26 MP: 1/1
   508 | D:1      | Reached XP level 3. HP: 31/31 MP: 2/2
   949 | D:2      | Found a faded altar of an unknown god.
   986 | D:2      | Reached skill level 4 in Maces & Flails
  1087 | D:2      | Found a deep blue altar of Sif Muna.
  1309 | D:2      | Reached XP level 4. HP: 37/39 MP: 3/3
  1907 | D:3      | Found a sparkling altar of Nemelex Xobeh.
  1982 | D:3      | Found a bloodstained altar of Trog.
  2034 | D:2      | Reached skill level 5 in Maces & Flails
  2034 | D:2      | Reached XP level 5. HP: 44/45 MP: 4/4
  2292 | D:3      | Found an iron altar of Okawaru.
  2296 | D:3      | Became a worshipper of Warmaster Okawaru
  2299 | D:3      | Found a snail-covered altar of Cheibriados.
  2373 | D:3      | Reached skill level 5 in Shields
  2751 | D:4      | Reached skill level 6 in Maces & Flails
  2787 | D:4      | Found an ornate altar of the Wu Jian Council.
  2804 | D:4      | Noticed an ogre
  2818 | D:4      | Killed an ogre
  2818 | D:4      | Reached XP level 6. HP: 52/52 MP: 5/5
  3194 | D:4      | Noticed Natasha
  3202 | D:4      | Killed Natasha
  3373 | D:4      | Noticed Grinder
  3393 | D:4      | Killed Grinder
  3393 | D:4      | Reached * piety under Okawaru
  3393 | D:4      | Reached skill level 7 in Maces & Flails
  3393 | D:4      | Reached skill level 5 in Armour
  3393 | D:4      | Reached XP level 7. HP: 14/60 MP: 6/6
  3735 | D:5      | Entered Level 5 of the Dungeon
  3743 | D:5      | Found a glowing golden altar of the Shining One.
  3807 | D:5      | Reached skill level 5 in Fighting
  3807 | D:5      | Reached skill level 8 in Maces & Flails
  3813 | D:5      | Reached ** piety under Okawaru
  4209 | D:5      | Found a white marble altar of Elyvilon.
  4644 | D:6      | Reached XP level 8. HP: 60/69 MP: 7/7
  4809 | D:6      | Noticed Blork the orc
  4812 | D:6      | Killed Blork the orc
  4989 | D:6      | Found a staircase to the Ecumenical Temple.
  5064 | D:6      | Reached skill level 9 in Maces & Flails
  5272 | Temple   | Entered the Ecumenical Temple
  5520 | D:7      | Got an encrusted mace
  5523 | D:7      | Identified the +2 mace "Yssomov" {freeze, rC+} (You found it on level 7 of the Dungeon)
  5629 | D:7      | Reached skill level 10 in Maces & Flails
  5638 | D:7      | Found a sacrificial altar of Ru.
  5666 | D:7      | Reached *** piety under Okawaru
  5666 | D:7      | Reached XP level 9. HP: 50/79 MP: 8/8
  5863 | D:7      | Noticed DildoBatman's ghost (novice FoEn)
  5866 | D:7      | Found an opulent altar of Gozag.
  5885 | D:7      | Killed DildoBatman's ghost
  5885 | D:7      | Reached skill level 11 in Maces & Flails
  6538 | D:7      | Found an opulent altar of Gozag.
  6680 | D:7      | Found an ancient bone altar of Kikubaaqudgha.
  6930 | D:8      | Found a burning altar of Makhleb.
  6931 | D:8      | Noticed a green death
  6979 | D:8      | Reached **** piety under Okawaru
  7221 | D:7      | Paralysed by a hornet for 2 turns
  7225 | D:7      | Paralysed by a hornet for 3 turns
  7226 | D:7      | Slain by a hornet

Skill      XL: |  1  2  3  4  5  6  7  8  9 |
---------------+----------------------------+-----
Maces & Flails | 3 4 5 6 7 8 10 11 | 11.8
Shields        | 4 5 |  5.9
Armour         | 4 5 6 7 8 |  8.6
Fighting       | 4 5 7 8 |  8.2

Action                   |  1- 3 |  4- 6 |  7- 9 || total
-------------------------+-------+-------+-------++-------
Melee: Flail             |    82 |   161 |   102 ||   345
       Headbutt          |    12 |    23 |    56 ||    91
       Mace              |       |       |   175 ||   175
  Use: Scroll            |       |     6 |     5 ||    11
       Potion            |       |     3 |     6 ||     9
  Eat: Chunk             |     1 |     4 |     5 ||    10
       Ration            |       |     1 |     2 ||     3
Armor: Scale mail        |    37 |    50 |    14 ||   101
       Chain mail        |       |     5 |    58 ||    63
Dodge: Dodged            |    24 |    36 |    39 ||    99
Block: Shield            |    42 |    94 |   149 ||   285
       Reflection        |       |       |     5 ||     5
